 Dungeon Crawl Stone Soup version 0.30-a0-1160-g6e42c06551 (webtiles) character file.

Game seed: 12843656736127395823

8619 greenreed the Grappler (level 11, -6/113 HPs)
             Began as a Troll Fighter on Apr 25, 2023.
             Was a Priest of Makhleb.
             Mangled by a lorocyproca (9 damage)
             ... on level 2 of the Abyss.
             The game lasted 00:15:58 (6573 turns).

greenreed the Grappler (Troll Fighter)              Turns: 6573, Time: 00:15:58

Health: -6/113     AC:  9    Str: 30    XL:     11   Next: 12%
Magic:  0/13       EV: 11    Int:  4    God:    Makhleb [***...]
Gold:   516        SH: 10    Dex: 15    Spells: 10/10 levels left

rFire   . .          .
                       - Unarmed
rCold   . . .        b - +0 kite shield
rNeg    . . .        a - +0 robe
rPois   .            (helmet restricted)
rElec   .            w - +0 cloak
rCorr   .            (gloves unavailable)
SInv    .            (boots unavailable)
Will    .....        H - amulet of faith
Stlth   +            p - +4 ring of protection
HPRegen 1.18/turn    y - +6 ring of dexterity
MPRegen 0.13/turn

%: faith
@: mighty, studying Armour
A: large, unfitting armour, claws 3, regeneration 1, shaggy fur 1, tough skin 1
a: Renounce Religion, Minor Destruction, Lesser Servant of Makhleb


You were on level 2 of the Abyss.
You worshipped Makhleb.
Makhleb was most pleased with you.
You visited 2 branches of the dungeon, and saw 10 of its levels.
You visited the Abyss 1 time.

You collected 516 gold pieces.

Inventory:

Missiles
 z - 2 throwing nets
Armour
 a - a +0 robe (worn)
 b - a +0 kite shield (worn)
 w - a +0 cloak (worn)
Jewellery
 p - a +4 ring of protection (left claw)
 t - an amulet of reflection
 y - a +6 ring of dexterity (right claw)
 D - a ring of wizardry
 H - an amulet of faith (around neck)
Wands
 j - a wand of polymorph (6)
 x - a wand of roots (21)
Scrolls
 f - a scroll of butterflies {unknown}
 g - 2 scrolls of magic mapping {unknown}
 h - 7 scrolls of teleportation {unknown}
 i - 3 scrolls of brand weapon {unknown}
 l - a scroll of vulnerability {unknown}
 n - 3 scrolls of enchant weapon {unknown}
 q - 11 scrolls of identify {unknown}
 r - a scroll of noise {unknown}
 s - a scroll of immolation {unknown}
 A - a scroll of enchant armour {unknown}
 B - a scroll of fear {unknown}
 E - a scroll of torment {unknown}
 F - a scroll of poison {unknown}
 G - a scroll of amnesia {unknown}
Potions
 c - a potion of might
 d - 3 potions of curing {unknown}
 e - 3 potions of mutation {unknown}
 k - a potion of cancellation {unknown}
 m - 3 potions of ambrosia {unknown}
 o - 3 potions of brilliance {unknown}
 u - a potion of heal wounds {unknown}
 v - a potion of haste
 C - 4 potions of degeneration {unknown}


   Skills:
 * Level 8.6 Fighting
 + Level 6.2 Dodging
 + Level 6.8 Shields
 * Level 10.0 Unarmed Combat
 * Level 4.0 Invocations


You had 10 spell levels left.
You didn't know any spells.
Your spell library contained the following spells:

 Spells                   Type           Power      Damage    Failure   Level
 Blink                    Tloc           0%         N/A       83%         2
 Cigotuvi's Dreadful Rot  Necr/Pois/Air  0%         N/A       83%         2
 Lesser Beckoning         Tloc           0%         N/A       83%         2
 Momentum Strike          Conj/Tloc      0%         3d8       83%         2
 Static Discharge         Conj/Air       0%         2-2/arc   83%         2
 Gell's Gravitas          Tloc           0%         N/A       96%         3
 Ignite Poison            Fire/Tmut/Pois 0%         N/A       96%         3
 Teleport Other           Tloc           0%         N/A       96%         3
 Airstrike                Air            0%         2d(0-16)  100%        4
 Animate Dead             Necr           0%         N/A       100%        4
 Manifold Assault         Tloc           0%         N/A       100%        4
 Summon Lightning Spire   Summ/Air       0%         N/A       100%        4
 Freezing Cloud           Conj/Ice/Air   0%         6-21      100%        5
 Haunt                    Necr/Summ      0%         N/A       100%        7
 Storm Form               Tmut/Air       0%         N/A       100%        7
 Infestation              Necr           0%         N/A       100%        8


Dungeon Overview and Level Annotations

Branches:
Dungeon (9/15)             Temple (1/1) D:6            Lair (0/5) D:9
    Orc (0/2) D:9

Altars:
Ashenzari
Cheibriados
Dithmenos
Elyvilon
Fedhas
Gozag
Hepliaklqana
Kikubaaqudgha
Makhleb
Nemelex Xobeh
Okawaru
Qazlal
Ru
Uskayaw
Vehumet
Xom
Yredelemnul
Zin
The Shining One

Annotations:
D:9 Psyche


Innate Abilities, Weirdness & Mutations

You are too large for most types of armour.
You have claws for hands.
Your natural rate of healing is unusually fast.
You are covered in fur. (AC +1)
You have tough skin. (AC +1)


Message History

You claw the hellion!
The hellion is severely wounded.
The hellion barely misses you.
You closely miss the hellion.
The hellion is severely wounded.
The hellion hits you.
You scratch the hellion but do no damage.
The hellion is severely wounded.
The hellion hits you but does no damage.
You scratch the hellion.
The hellion is almost dead.
The hellion gestures at you.
The sphere of damnation explodes!
The damnation engulfs you!!
* * * LOW HITPOINT WARNING * * *
The damnation engulfs the hellion.
The hellion completely resists.
Okay, then.
You mangle the hellion!!
You kill the hellion!
Makhleb accepts your kill.
Your Unarmed Combat skill increases to level 10!
You start resting.
You hear a chilling moan.
Something hits you!
You feel your power leaking away.
Deactivating autopickup; reactivate with Ctrl-A.
You start resting.
You block something's attack. Something hits you!!
* * * LOW HITPOINT WARNING * * *
You feel your power leaking away.
An iron imp comes into view.
The iron imp shouts, "Go and return not, thou jarring fool-headed bugbear!"
You mangle something!! Something hits you!
* * * LOW HITPOINT WARNING * * *
You feel very mighty all of a sudden.
A large abomination comes into view.
Something hits you but does no damage.
You claw something! Something hits you!
* * * LOW HITPOINT WARNING * * *
You closely miss something. Something hits you!
You die...

.. . . #
. ######
. . #
...###..
..#.
#..#...#.
.# .. .
...##...
. # #
#....# .
##...#...
. #@#..##
. #~ .
##{X# .
.. . .
#...#. ##
#.....#.
.. .
#.#..##.
#. .#
##...##
#.. #.#.#
.. .
...### .
## ..##
..# ... #


You could see a large abomination.

Vanquished Creatures
  Pikel (D:5)
  A hellion (Abyss:2)
  A ynoxinul (Abyss:2)
  A wyvern (D:5)
  18 yaks
  A vampire (D:8)
  Eustachio (D:6)
  Menkaure (D:5)
  A water moccasin (D:4)
  4 orc warriors
  A sky beast (D:6)
  5 black bears
  2 ice beasts (D:7)
  3 ogres
  A centaur (D:8)
  A phantom (D:4)
  2 kobold brigands
  4 scorpions
  2 gnoll sergeants (D:5)
  6 bullfrogs
  A small abomination (Abyss:2)
  10 wights
  6 killer bees (D:9)
  2 howler monkeys (D:9)
  3 gnoll boudas
  9 orc priests
  A hound (D:7)
  2 jellies
  Crazy Yiuf (D:4)
  2 iguanas
  A sleepcap (D:4)
  9 orc wizards
  8 adders
  19 gnolls
  A shadow imp (D:5)
  2 white imps
  3 ufetubi
  A worm (D:4)
  3 dart slugs
  37 orcs
  12 ball pythons
  4 endoplasms
  3 giant cockroaches
  5 goblins
  6 hobgoblins
  5 jackals
  2 quokkas
  3 bats
  3 frilled lizards
  12 kobolds
  5 rats
238 creatures vanquished.

Vanquished Creatures (others)
  2 bushes (D:9)
  8 fungi
  6 plants (D:9)
16 creatures vanquished.

Grand Total: 254 creatures vanquished

Notes
Turn   | Place    | Note
-------+----------+-------------------------------------------
     0 | D:1      | greenreed the Troll Fighter began the quest for the Orb.
     0 | D:1      | Reached XP level 1. HP: 22/22 MP: 0/0
    62 | D:1      | Reached XP level 2. HP: 29/29 MP: 1/1
   297 | D:1      | Reached XP level 3. HP: 29/36 MP: 2/2
  1037 | D:2      | Found a faded altar of an unknown god.
  1424 | D:3      | Reached XP level 4. HP: 45/45 MP: 3/3
  1512 | D:3      | Reached skill level 3 in Unarmed Combat
  1755 | D:3      | Noticed a scorpion
  1760 | D:3      | Killed a scorpion
  1761 | D:3      | Reached XP level 5. HP: 53/53 MP: 4/4
  1994 | D:4      | Noticed a black bear
  2009 | D:4      | Killed a black bear
  2010 | D:4      | Reached skill level 4 in Unarmed Combat
  2010 | D:4      | Reached XP level 6. HP: 58/62 MP: 5/5
  2017 | D:4      | Found an iron altar of Okawaru.
  2187 | D:4      | Found Edeevoidgh's Book Boutique.
  2931 | D:4      | Found a runed translucent door.
  2932 | D:4      | Noticed Crazy Yiuf
  2940 | D:4      | Killed Crazy Yiuf
  2972 | D:5      | Entered Level 5 of the Dungeon
  2984 | D:5      | Noticed Menkaure
  2985 | D:5      | Noticed a water moccasin
  3006 | D:4      | Killed a water moccasin
  3007 | D:4      | Reached XP level 7. HP: 71/71 MP: 6/6
  3012 | D:5      | Killed Menkaure
  3013 | D:5      | Reached skill level 5 in Unarmed Combat
  3315 | D:5      | Noticed Pikel
  3328 | D:5      | Killed Pikel
  3329 | D:5      | Reached skill level 5 in Fighting
  3329 | D:5      | Reached skill level 6 in Unarmed Combat
  3329 | D:5      | Reached XP level 8. HP: 80/81 MP: 7/7
  3781 | D:6      | Reached skill level 5 in Shields
  3814 | D:6      | Reached skill level 7 in Unarmed Combat
  3820 | D:6      | Reached XP level 9. HP: 89/89 MP: 8/8
  3840 | D:6      | Found a sacrificial altar of Ru.
  3841 | D:6      | Found a sparkling altar of Nemelex Xobeh.
  3982 | D:6      | Found a snail-covered altar of Cheibriados.
  4074 | D:6      | Reached skill level 5 in Dodging
  4187 | D:6      | Noticed Eustachio
  4196 | D:6      | Killed Eustachio
  4197 | D:6      | Reached skill level 8 in Unarmed Combat
  4238 | D:6      | Found a staircase to the Ecumenical Temple.
  4361 | Temple   | Entered the Ecumenical Temple
  4380 | Temple   | Became a worshipper of Makhleb the Destroyer
  4733 | D:6      | Reached skill level 1 in Invocations
  4995 | D:7      | Reached XP level 10. HP: 102/102 MP: 9/9
  5080 | D:7      | Reached * piety under Makhleb
  5379 | D:7      | Found a hazy altar of Hepliaklqana.
  5654 | D:8      | Reached skill level 9 in Unarmed Combat
  5717 | D:8      | Reached ** piety under Makhleb
  6170 | D:9      | Found a staircase to the Orcish Mines.
  6272 | D:9      | Reached *** piety under Makhleb
  6346 | D:9      | Reached XP level 11. HP: 107/108 MP: 12/12
  6434 | D:9      | Identified the +0 chain mail of Hidaji {Rampage Str+6 Int+8
                  | Dex-2}
  6458 | D:9      | Found a staircase to the Lair.
  6472 | D:9      | Noticed Psyche
  6475 | Abyss:2  | Cast into level 2 of the Abyss (Psyche)
  6509 | Abyss:2  | HP: 3/113 [hellion/damnation (34)]
  6511 | Abyss:2  | Reached skill level 10 in Unarmed Combat
  6571 | Abyss:2  | Noticed a large abomination
  6572 | Abyss:2  | HP: 2/113 [something (16)]
  6573 | Abyss:2  | Mangled by a lorocyproca

Illustrated notes

Levels and vault maps discovered:
D:1:      lightli_arrival_boilingwater, layout_rooms, minmay_pentomino_w2
D:2:      layout_basic, shapermc_ecumenical_altar_acropolis
D:3:      layout_loops_cross
D:4:      layout_loops_corners, okawaru_trees_1, serial_shops,
          nicolae_shop_peninsula, uniq_crazy_yiuf_cottage
D:5:      layout_basic, uniq_pikel, uniq_menkaure
D:6:      layout_basic, grunt_temple_overflow_open, cheibriados_altar_1,
          minmay_temple_entry_antechambers, uniq_eustachio
D:7:      layout_loops_cross, kennysheep_mini_moat, dreamdust_gnoll_shepherd
D:8:      layout_rooms
D:9:      layout_loops_ring, gammafunk_temple_overflow_forgotten,
          dpeg_oklobed_lair, uniq_psyche
Temple:   eino_temple_lava
Abyss:2:  base: D:3, evilmike_abyss_exit_3

Skill      XL: |  1  2  3  4  5  6  7  8  9 10 11 |
---------------+----------------------------------+-----
Shields        | 3 4 5 6 |  6.8
Fighting       | 3 4 5 6 7 8 |  8.6
Unarmed Combat | 3 4 6 7 8 9 10 | 10.0
Dodging        | 3 4 5 6 |  6.2
Invocations    | 1 3 4 |  4.0

Action                     |  1- 3 |  4- 6 |  7- 9 | 10-12 || total
---------------------------+-------+-------+-------+-------++-------
  Melee: Unarmed           |   121 |   101 |   209 |   304 ||   735
 Invoke: Minor Destruction |       |       |       |     8 ||     8
         Lesser Servant of |       |       |       |     1 ||     1
    Use: Potion            |       |       |       |     1 ||     1
   Stab: Sleeping          |       |       |       |     1 ||     1
 Armour: Robe              |    26 |    33 |    41 |    49 ||   149
  Dodge: Dodged            |    43 |    33 |    75 |    53 ||   204
  Block: Kite shield       |    59 |    44 |   159 |   134 ||   396
         Reflection        |       |       |     1 |     7 ||     8

Table legend: (Time is in decaauts)
 A = Elapsed time spent in this place.
 B = Non-inter-level travel time spent in this place.
 C = Inter-level travel time spent in this place.
 D = Time resting spent in this place.
 E = Time spent auto-exploring this place.
 F = Levels seen in this place.
 G = Mean time per level.
                   A        B        C        D        E       F      G
               +--------+--------+--------+--------+--------+-----+--------+
         Total |   6552 |   6293 |    259 |    165 |   4749 |  11 |  595.6 |
       Dungeon |   6409 |   6177 |    232 |    110 |   4735 |   9 |  712.1 |
        Temple |     47 |     20 |     27 |      0 |     11 |   1 |   47.0 |
         Abyss |     95 |     95 |      0 |     55 |      3 |   1 |   95.0 |
               +--------+--------+--------+--------+--------+-----+--------+

Top non-repeatable levels by time:
     D:4: 994 daAuts
     D:6: 983 daAuts
     D:2: 929 daAuts
     D:5: 764 daAuts
     D:7: 727 daAuts
     D:3: 628 daAuts
     D:8: 553 daAuts
     D:1: 441 daAuts
     D:9: 387 daAuts
 Abyss:2: 95 daAuts
  Temple: 47 daAuts
